 Dungeon Crawl Stone Soup version 0.26-a0-1012-gedcf9b2963 (webtiles) character file.

Game seed: 5524683419869222589

27 Baldric the Skirmisher (level 3, -6/29 HPs)
             Began as a Human Berserker on Dec 7, 2020.
             Was a Follower of Trog.
             Killed by nerve-wracking pain
             ... invoked by Grinder
              (14 damage)
             ... on level 4 of the Dungeon.
             The game lasted 00:07:00 (618 turns).

Baldric the Skirmisher (Human Berserker)             Turns: 618, Time: 00:07:01

Health: -6/29      AC:  2    Str: 17    XL:     3   Next: 25%
Magic:  3/3        EV: 12    Int:  8    God:    Trog [*.....]
Gold:   83         SH:  0    Dex: 12    Spells: 2/2 levels left

rFire    . . .     SeeInvis .   a - +0 falchion
rCold    . . .     Faith    .   (no shield)
rNeg     . . .     Spirit   .   b - +0 animal skin
rPois    .         Reflect  .   (no helmet)
rElec    .         Harm     .   (no cloak)
rCorr    .         Rampage  .   (no gloves)
Will     .....                  (no boots)
Stlth    +.........             (no amulet)
HPRegen  0.09/turn              (no ring)
MPRegen  0.08/turn              (no ring)

@: brilliant
A: no striking features
a: Berserk, Renounce Religion


You were on level 4 of the Dungeon.
You worshipped Trog.
Trog was aware of your devotion.
You visited 1 branch of the dungeon, and saw 4 of its levels.

You collected 83 gold pieces.

Inventory:

Hand Weapons
 a - a +0 falchion (weapon)
 f - a +0 club
 i - a +0 hunting sling
Missiles
 e - 5 stones (quivered)
Armour
 b - a +0 animal skin (worn)
Scrolls
 h - a scroll of teleportation {unknown}
Potions
 c - a potion of curing {unknown}
 d - a potion of haste {unknown}
 k - a potion of might {unknown}


   Skills:
 + Level 3.6 Fighting
 + Level 3.4 Long Blades
 + Level 2.0 Armour
 + Level 2.2 Dodging


You had 2 spell levels left.
You didn't know any spells.
Your spell library was empty.

Dungeon Overview and Level Annotations

Branches:
Dungeon (4/15)
 Temple: D:4-7

Altars:

Annotations:
D:4 Grinder


Message History

You barely miss Grinder. Grinder hits you!
You writhe in agony.
You hit Grinder but do no damage. Grinder closely misses you.
You riposte.
You slash Grinder!
Grinder is moderately wounded.
You barely miss Grinder.
Grinder is moderately wounded.
Grinder hits you!
You writhe in agony.
* * * LOW HITPOINT WARNING * * *
Unknown command.
You feel clever all of a sudden.
Grinder blinks!
Grinder blinks!
Found a stone staircase leading up.
You now have 70 gold pieces (gained 10).
Found 5 gold pieces.
Grinder blinks!
You now have 83 gold pieces (gained 13).
Grinder gestures at you. Pain shoots through your body!
You die...

...................#..#
#...........................##
#...........................#
#...<....................†..#
#...........................#
#...........5................#
#..........................?..
#.............................
#............@................
#.....................>.......
#............................
#............................
#.$...........(..............
#............................
#............................
#.....................


You could see Grinder.

Vanquished Creatures
  An adder (D:3)
  An ooze (D:1)
  A leopard gecko (D:1)
  A bat (D:3)
  3 giant cockroaches
  A hobgoblin (D:1)
  A ball python (D:4)
  4 kobolds
13 creatures vanquished.

Notes
Turn   | Place    | Note
-------+----------+-------------------------------------------
     0 | D:1      | Baldric the Human Berserker began the quest for the Orb.
     0 | D:1      | Reached XP level 1. HP: 18/18 MP: 1/1
   203 | D:1      | Reached XP level 2. HP: 15/24 MP: 2/2
   542 | D:3      | Reached XP level 3. HP: 28/29 MP: 3/3
   594 | D:4      | Noticed Grinder
   618 | D:4      | Killed from afar by Grinder

Illustrated notes

Levels and vault maps discovered:
D:1:      ebering_hopf_link, layout_basic, serial_glass, glass_columns_b,
          glass_columns_b, feat_on_display, due_unseen_surprise
D:2:      layout_loops_corners
D:3:      layout_loops_ring
D:4:      layout_layer_cave, serial_shops, shop_coins, minmay_fire_ice_demons,
          uniq_grinder

Action                   || total
-------------------------++-------
Melee: Falchion          ||    41
  Use: Potion            ||     2
       Scroll            ||     2
Armor: Animal skin       ||    11
Dodge: Dodged            ||    30
       Rpst.: Falchion   ||    10

Table legend: (Time is in decaauts)
 A = Elapsed time spent in this place.
 B = Non-inter-level travel time spent in this place.
 C = Inter-level travel time spent in this place.
 D = Time resting spent in this place.
 E = Time spent auto-exploring this place.
 F = Levels seen in this place.
 G = Mean time per level.
                   A        B        C        D        E       F      G
               +--------+--------+--------+--------+--------+-----+--------+
         Total |    622 |    622 |      0 |    100 |      0 |   4 |  155.5 |
       Dungeon |    622 |    622 |      0 |    100 |      0 |   4 |  155.5 |
               +--------+--------+--------+--------+--------+-----+--------+

Top non-repeatable levels by time:
     D:1: 250 daAuts
     D:2: 169 daAuts
     D:3: 163 daAuts
     D:4: 40 daAuts
